Sarnia Sailors vs Peoria Rivermen

Created - Friday, February 13, 2026 at 07:35

Goals
1 2 3 T
Sarnia Sailors 1 2 3 6
Peoria Rivermen 1 1 2 4
Shots
1 2 3 T
Sarnia Sailors 16 7 21 44
Peoria Rivermen 6 6 8 20

1st period

1. Peoria Rivermen , Tyson Kozak 8 (Zachary Bolduc 14, Oskar Sundqvist 17) at 12:11
2. Sarnia Sailors , Cole Reinhardt 3 (Jordan Dumais 6, Declan Chisholm 20) at 18:12

Penalties :
John Leonard (PRM) for Fighting (Major) at 17:36, Raphael Lavoie (SAR) for Fighting (Major) at 17:36, Jalen Chatfield (PRM) for High sticking (Minor) at 18:19

2nd period

3. Sarnia Sailors , Jordan Dumais 5 (Cole Reinhardt 14, Tristen Nielsen 3) at 5:20
4. Sarnia Sailors , Rory Kerins 33 (Jesse Puljujarvi 36, Raphael Lavoie 27) at 5:31
5. Peoria Rivermen , Zachary Bolduc 14 (Yegor Zamula 6) at 8:47

Penalties :
Jalen Chatfield (PRM) for Delaying the game (Minor) at 0:43, Tyler Tucker (PRM) for Roughing (Minor) at 9:42, Yanni Gourde (PRM) for Unsportsmanlike conduct (Minor) at 11:50

3rd period

6. Peoria Rivermen , Oskar Sundqvist 12 (Zachary Bolduc 15, Tyson Kozak 13) at 3:30
7. Peoria Rivermen , Jonas Rondbjerg 7 (Colin Blackwell 16, Yanni Gourde 18) at 3:48 (PP)
8. Sarnia Sailors , Nathan Gaucher 6 (Max Pacioretty 18, Declan Chisholm 21) at 9:38 (PP)
9. Sarnia Sailors , Max Pacioretty 13 (Declan Chisholm 22, Logan Morrison 12) at 12:27 (PP)
10. Sarnia Sailors , Raphael Lavoie 22 (Jesse Puljujarvi 37, Ethan Edwards 3) at 19:05 (Empty Net)

Penalties :
Nikolas Matinpalo (SAR) for Tripping (Minor) at 3:44, Sean Walker (PRM) for Goalie Interference (Minor) at 9:09, Sean Walker (PRM) for Hooking (Minor) at 12:10, Matthew Sop (PRM) for Fighting (Major) at 12:37, Raphael Lavoie (SAR) for Fighting (Major) at 12:37

Goalie Stats

Sebastian Cossa (SAR), 16 saves from 20 shots - (0.800), W, 18-0-2, 60:00 minutes
Jaxson Stauber (PRM), 38 saves from 43 shots - (0.884), L, 9-10-2, 59:46 minutes

Players Stats for Sarnia Sailors

Player Name              G  A  P  +/- PIM S  H  SB GA TA FO     MP     PP MP  PK MP  
------------------------------------------------------------------------------------
                         0  0  0   0  0   0  0  0  0  0  0/0     0:00   0:00   0:00 
Adam Ginning             0  0  0  -2  0   0  0  2  0  1  0/0    19:34   3:43   0:00 
Cole Reinhardt           1  1  2   1  0   6  4  0  0  0  1/2    12:46   0:56   0:00 
Declan Chisholm          0  3  3   2  0   2  1  1  1  1  0/0    27:36   4:59   0:04 
Ethan Edwards            0  1  1   1  0   1  0  0  0  1  0/0    12:50   0:00   0:00 
Jack Rathbone            0  0  0   1  0   0  0  0  0  2  0/0    12:54   0:00   0:04 
Jesse Puljujarvi         0  2  2   2  0   5  1  1  2  1  0/1    22:07   4:25   0:00 
Jordan Dumais            1  1  2   1  0   3  0  1  0  1  0/0    12:30   0:34   0:00 
Logan Morrison           0  1  1   0  0   1  1  2  2  1  6/9    17:58   3:34   0:04 
Max Pacioretty           1  1  2   0  0   2  6  1  2  1  0/0    17:54   3:40   0:00 
Nathan Gaucher           1  0  1   0  0   1  2  0  1  0  1/1    17:56   3:36   0:00 
Nikolas Matinpalo        0  0  0   2  2   1  3  1  0  0  0/0    25:06   4:59   0:00 
Raphael Lavoie           1  1  2   2  10  5  1  0  0  0  0/0    17:51   2:14   0:00 
Rory Kerins              1  0  1   2  0   5  3  2  0  1  21/40  22:11   4:28   0:04 
Skyler Brind'Amour       0  0  0  -2  0   1  1  0  0  0  1/4     7:22   0:00   0:00 
Tristen Nielsen          0  1  1   1  0   5  1  0  1  2  5/7    11:50   0:00   0:00 
Tyler Boucher            0  0  0  -2  0   0  3  0  0  0  0/0     7:22   0:00   0:00 
Tyson Hinds              0  0  0  -2  0   0  2  2  0  0  0/0    21:59   3:43   0:00 
Yakov Trenin             0  0  0  -2  0   6  1  0  1  0  0/0    12:07   2:39   0:00 

Players Stats for Peoria Rivermen

Player Name              G  A  P  +/- PIM S  H  SB GA TA FO     MP     PP MP  PK MP  
------------------------------------------------------------------------------------
                         0  0  0   0  0   0  0  0  0  0  0/0     0:00   0:00   0:00 
Colin Blackwell          0  1  1  -1  0   3  0  1  0  0  0/0    15:21   0:04   0:00 
Gabriel Szturc           0  0  0  -1  0   0  2  1  0  0  0/0     4:24   0:00   0:56 
Jalen Chatfield          0  0  0  -1  4   1  0  3  1  3  0/0    21:46   0:04   0:03 
John Leonard             0  0  0   0  5   2  1  0  4  0  1/2    16:48   0:00   2:09 
Jonas Rondbjerg          1  0  1  -1  0   2  0  0  0  1  0/1    15:21   0:04   0:00 
Jonathan Gruden          0  0  0   0  0   0  1  0  0  0  0/0     0:59   0:00   0:35 
Marc Del Gaizo           0  0  0  -1  0   0  2  2  1  1  0/0    21:20   0:00   4:59 
Matthew Sop              0  0  0  -1  5   0  0  0  0  0  1/2     5:33   0:00   0:00 
Nick Leddy               0  0  0  -1  0   1  0  1  0  0  0/0    20:50   0:00   4:29 
Nico Sturm               0  0  0  -1  0   3  1  0  0  1  9/14   18:34   0:00   3:37 
Oskar Sundqvist          1  1  2   2  0   2  0  1  2  0  5/15   14:20   0:00   0:00 
Riley Duran              0  0  0  -1  0   0  2  1  1  0  1/1    18:32   0:00   4:12 
Sean Walker              0  0  0  -1  4   0  1  0  1  0  0/0    22:42   0:04   0:53 
Tyler Tucker             0  0  0   1  2   1  0  1  0  0  0/0    16:07   0:00   2:50 
Tyson Kozak              1  1  2   1  0   2  0  3  1  1  7/15   23:51   0:00   4:09 
Yanni Gourde             0  1  1  -2  2   1  4  0  0  2  4/13   22:35   0:04   1:46 
Yegor Zamula             0  1  1   1  0   0  0  1  0  0  0/0    17:47   0:00   4:10 
Zachary Bolduc           1  2  3   2  0   2  1  1  1  1  1/1    14:20   0:00   0:00 

3 Stars

1 - Max Pacioretty (SAR)
2 - Zachary Bolduc (PRM)
3 - Cole Reinhardt (SAR)

Power Play

Sarnia Sailors - 2 on 6 Attempt(s) - 33.33%
Peoria Rivermen - 1 on 1 Attempt(s) - 100.00%

Penalty Kill

Sarnia Sailors - 0 on 1 Attempt(s) - 0.00% - Score 0 goal in Penalty Kill
Peoria Rivermen - 4 on 6 Attempt(s) - 66.67% - Score 0 goal in Penalty Kill

Team Stat

Sarnia Sailors - Hits : 30 - Faceoff Wins : 35 - Blocked Shots : 13 - Penalty Minutes : 12
Peoria Rivermen - Hits : 15 - Faceoff Wins : 29 - Blocked Shots : 16 - Penalty Minutes : 22

Official

Referees : Brian Pochmara and Jean Hebert
Linesman : Travis Gawryletz and David Brisebois

Game Notes

Raphael Lavoie beats up John Leonard at 17:36 of 1st period
Matthew Sop and Raphael Lavoie fight to a draw at 12:37 of 3rd period
Raphael Lavoie has scored in a empty net!

Sarnia Sailors

5 vs 5 Forward 
   Center                   Left Wing                Right Wing               Time % Phy DF OF 
 1 Rory Kerins              Raphael Lavoie           Jesse Puljujarvi         40     2   1  2  
 2 Logan Morrison           Nathan Gaucher           Max Pacioretty           30     2   1  2  
 3 Tristen Nielsen          Jordan Dumais            Cole Reinhardt           20     1   2  2  
 4 Skyler Brind'Amour       Yakov Trenin             Tyler Boucher            10     2   1  2  

5 vs 5 Defense 
   Defense                  Defense                                           Time % Phy DF OF 
 1 Nikolas Matinpalo        Declan Chisholm                                   40     1   2  2  
 2 Tyson Hinds              Adam Ginning                                      30     2   1  2  
 3 Jack Rathbone            Ethan Edwards                                     20     2   2  1  
 4 Tyson Hinds              Declan Chisholm                                   10     1   2  2  

PowerPlay Forward 
   Center                   Left Wing                Right Wing               Time % Phy DF OF 
 1 Rory Kerins              Raphael Lavoie           Jesse Puljujarvi         60     0   1  4  
 2 Logan Morrison           Nathan Gaucher           Max Pacioretty           40     0   1  4  

PowerPlay Defense
   Defense                  Defense                                           Time % Phy DF OF 
 1 Nikolas Matinpalo        Declan Chisholm                                   60     1   1  3  
 2 Tyson Hinds              Adam Ginning                                      40     2   1  2  

Penalty Kill 4 Players Forward 
   Center                   Wing                     Time % Phy DF OF 
 1 Rory Kerins              Logan Morrison           60     2   2  1  
 2 Tristen Nielsen          Nathan Gaucher           40     2   2  1  

Penalty Kill 4 Players Defense
   Defense                  Defense                  Time % Phy DF OF 
 1 Nikolas Matinpalo        Declan Chisholm          60     2   1  2  
 2 Tyson Hinds              Adam Ginning             40     2   2  1  

Penalty Kill - 3 Players Forward 
   Forward                                           Time % Phy DF OF 
 1 Rory Kerins                                       60     2   2  1  
 2 Tristen Nielsen                                   40     2   2  1  

Penalty Kill - 3 Players Defense
   Defense                  Defense                  Time % Phy DF OF 
 1 Nikolas Matinpalo        Declan Chisholm          60     2   1  2  
 2 Tyson Hinds              Adam Ginning             40     2   2  1  

4 vs 4 Forward 
   Center                   Wing                     Time % Phy DF OF 
 1 Rory Kerins              Raphael Lavoie           60     2   1  2  
 2 Logan Morrison           Jesse Puljujarvi         40     2   1  2  

4 vs 4 Defense
   Defense                  Defense                  Time % Phy DF OF 
 1 Nikolas Matinpalo        Declan Chisholm          60     1   2  2  
 2 Tyson Hinds              Adam Ginning             40     2   1  2  

Last Minutes Offensive
   Center                   Left Wing                Right Wing               Defense                  Defense                  
   Rory Kerins              Raphael Lavoie           Jesse Puljujarvi         Nikolas Matinpalo        Declan Chisholm          

Last Minutes Defensive
   Center                   Left Wing                Right Wing               Defense                  Defense                  
   Rory Kerins              Raphael Lavoie           Jesse Puljujarvi         Nikolas Matinpalo        Declan Chisholm          

Goaltenders
Starting : Sebastian Cossa          
Backup : Remi Poirier             

Extra Forwards
Normal : Yakov Trenin, Raphael Lavoie, Cole Reinhardt - PP : Yakov Trenin, Raphael Lavoie - PK : Yakov Trenin
Extra Defensemen
Normal : Jack Rathbone, Tyson Hinds, Nikolas Matinpalo - PP : Jack Rathbone - PK : Jack Rathbone, Tyson Hinds
Penalty Shots
Rory Kerins, Raphael Lavoie, Jesse Puljujarvi, Max Pacioretty, Logan Morrison

Scratches
Lucas Edmonds (Healthy), Dylan Ferguson (Healthy)

Peoria Rivermen

5 vs 5 Forward 
   Center                   Left Wing                Right Wing               Time % Phy DF OF 
 1 Yanni Gourde             Colin Blackwell          Jonas Rondbjerg          30     1   2  2  
 2 Oskar Sundqvist          Zachary Bolduc           Tyson Kozak              30     1   2  2  
 3 Nico Sturm               John Leonard             Riley Duran              25     1   2  2  
 4 Tyson Kozak              Matthew Sop              Yanni Gourde             15     1   2  2  

5 vs 5 Defense 
   Defense                  Defense                                           Time % Phy DF OF 
 1 Sean Walker              Jalen Chatfield                                   30     1   2  2  
 2 Marc Del Gaizo           Nick Leddy                                        30     1   2  2  
 3 Yegor Zamula             Tyler Tucker                                      25     1   2  2  
 4 Sean Walker              Jalen Chatfield                                   15     1   2  2  

PowerPlay Forward 
   Center                   Left Wing                Right Wing               Time % Phy DF OF 
 1 Yanni Gourde             Colin Blackwell          Jonas Rondbjerg          50     1   2  2  
 2 Oskar Sundqvist          Zachary Bolduc           Tyson Kozak              50     1   2  2  

PowerPlay Defense
   Defense                  Defense                                           Time % Phy DF OF 
 1 Sean Walker              Jalen Chatfield                                   50     1   2  2  
 2 Marc Del Gaizo           Nick Leddy                                        50     1   2  2  

Penalty Kill 4 Players Forward 
   Center                   Wing                     Time % Phy DF OF 
 1 Nico Sturm               John Leonard             50     1   2  2  
 2 Tyson Kozak              Riley Duran              50     1   2  2  

Penalty Kill 4 Players Defense
   Defense                  Defense                  Time % Phy DF OF 
 1 Yegor Zamula             Tyler Tucker             50     1   2  2  
 2 Marc Del Gaizo           Nick Leddy               50     1   2  2  

Penalty Kill - 3 Players Forward 
   Forward                                           Time % Phy DF OF 
 1 Yanni Gourde                                      50     1   2  2  
 2 Colin Blackwell                                   50     1   2  2  

Penalty Kill - 3 Players Defense
   Defense                  Defense                  Time % Phy DF OF 
 1 Sean Walker              Jalen Chatfield          50     1   2  2  
 2 Marc Del Gaizo           Nick Leddy               50     1   2  2  

4 vs 4 Forward 
   Center                   Wing                     Time % Phy DF OF 
 1 Yanni Gourde             Colin Blackwell          50     1   2  2  
 2 Oskar Sundqvist          Zachary Bolduc           50     1   2  2  

4 vs 4 Defense
   Defense                  Defense                  Time % Phy DF OF 
 1 Sean Walker              Jalen Chatfield          50     1   2  2  
 2 Marc Del Gaizo           Nick Leddy               50     1   2  2  

Last Minutes Offensive
   Center                   Left Wing                Right Wing               Defense                  Defense                  
   Yanni Gourde             Colin Blackwell          Jonas Rondbjerg          Sean Walker              Jalen Chatfield          

Last Minutes Defensive
   Center                   Left Wing                Right Wing               Defense                  Defense                  
   Yanni Gourde             Colin Blackwell          Jonas Rondbjerg          Sean Walker              Jalen Chatfield          

Goaltenders
Starting : Jaxson Stauber           
Backup : Unknown Goalie           

Extra Forwards
Normal : Gabriel Szturc, Jonathan Gruden, Nico Sturm - PP : Gabriel Szturc, Jonathan Gruden - PK : Nico Sturm
Extra Defensemen
Normal : Yegor Zamula, Tyler Tucker, Marc Del Gaizo - PP : Yegor Zamula - PK : Tyler Tucker, Marc Del Gaizo
Penalty Shots
Yanni Gourde, Colin Blackwell, Oskar Sundqvist, Zachary Bolduc, Nico Sturm

Scratches
Ryan Ufko (Healthy), Victor Soderstrom (Healthy), Tanner Fritz (Healthy), Matt Kessel (Healthy)

% Time on Ice - Sarnia Sailors

Lines # - Real PCT - Wanted PCT - Time Play
Normal Forward
1 - 34% - 40% - 17:21
2 - 28% - 30% - 14:20
3 - 23% - 20% - 11:50
4 - 14% - 10% - 7:22
Normal Defense
1 - 40% - 40% - 20:08
2 - 31% - 30% - 15:51
3 - 25% - 20% - 12:29
4 - 5% - 10% - 2:25
PP Forward
1 - 61% - 60% - 5:17
2 - 39% - 40% - 3:25
PP Defense
1 - 57% - 60% - 4:59
2 - 43% - 40% - 3:43
PK Forward
1 - 100% - 60% - 0:04
2 - 0% - 40% - 0:00
PK Defense
1 - 100% - 60% - 0:04
2 - 0% - 40% - 0:00
PK3 Forward
1 - 0% - 60%
2 - 0% - 40%
PK3 Defense
1 - 0% - 60%
2 - 0% - 40%
44 Forward
1 - 0% - 60%
2 - 0% - 40%
44 Defense
1 - 0% - 60%
2 - 0% - 40%
Last Minute Offensive  - 0:00
Last Minute Defensive  - 0:21
Total
Forward - 60:00
Defense - 60:00

% Time on Ice - Peoria Rivermen

Lines # - Real PCT - Wanted PCT - Time Play
Normal Forward
1 - 31% - 30% - 15:34
2 - 28% - 30% - 14:26
3 - 28% - 25% - 14:18
4 - 13% - 15% - 6:38
Normal Defense
1 - 31% - 30% - 15:40
2 - 32% - 30% - 16:21
3 - 25% - 25% - 12:37
4 - 12% - 15% - 6:18
PP Forward
1 - 100% - 50% - 0:04
2 - 0% - 50% - 0:00
PP Defense
1 - 100% - 50% - 0:04
2 - 0% - 50% - 0:00
PK Forward
1 - 49% - 50% - 4:16
2 - 51% - 50% - 4:26
PK Defense
1 - 48% - 50% - 4:13
2 - 52% - 50% - 4:29
PK3 Forward
1 - 0% - 50%
2 - 0% - 50%
PK3 Defense
1 - 0% - 50%
2 - 0% - 50%
44 Forward
1 - 0% - 50%
2 - 0% - 50%
44 Defense
1 - 0% - 50%
2 - 0% - 50%
Last Minute Offensive  - 0:18
Last Minute Defensive  - 0:00
Total
Forward - 60:00
Defense - 60:00

Play-by-Play

1st period


0:01 of 1st period - Rory Kerins wins face-off versus Yanni Gourde in neutral zone.
0:16 of 1st period - Snap shot by Jesse Puljujarvi.
0:16 of 1st period - Stopped by Jaxson Stauber with a rebound.
0:30 of 1st period - Zachary Bolduc is hit by Tyson Hinds and loses puck.
0:39 of 1st period - Wrist shot by Zachary Bolduc.
0:39 of 1st period - Deflect By Oskar Sundqvist.
0:39 of 1st period - Shot Blocked by Adam Ginning.
0:39 of 1st period - Puck is out of play.
0:40 of 1st period - Nico Sturm wins face-off versus Tristen Nielsen in Sarnia Sailors zone.
0:49 of 1st period - Wrist shot by Jordan Dumais.
0:49 of 1st period - Shot Blocked by Nick Leddy.
0:51 of 1st period - Snap shot by Cole Reinhardt.
0:51 of 1st period - Stopped by Jaxson Stauber with a rebound.
0:53 of 1st period - Wrist shot by Tristen Nielsen.
0:53 of 1st period - Stopped by Jaxson Stauber with a rebound.
1:16 of 1st period - Snap shot by Tyson Kozak.
1:16 of 1st period - Stopped by Sebastian Cossa with a rebound.
1:18 of 1st period - Backhand shot by Marc Del Gaizo.
1:18 of 1st period - Shot Blocked by Tyson Hinds.
1:41 of 1st period - Icing by Tyler Tucker.
1:42 of 1st period - Rory Kerins wins face-off versus Yanni Gourde in Peoria Rivermen zone.
1:51 of 1st period - Snap shot by Rory Kerins.
1:51 of 1st period - Stopped by Jaxson Stauber without a rebound.
1:52 of 1st period - Rory Kerins wins face-off versus Nico Sturm in Peoria Rivermen zone.
2:25 of 1st period - Wrist shot by Max Pacioretty.
2:25 of 1st period - Stopped by Jaxson Stauber without a rebound.
2:26 of 1st period - Tristen Nielsen wins face-off versus Yanni Gourde in Peoria Rivermen zone.
3:12 of 1st period - Jalen Chatfield is hit by Nathan Gaucher.
3:24 of 1st period - Max Pacioretty is hit by Nico Sturm and loses puck.
3:35 of 1st period - Sean Walker is hit by Tyler Boucher and loses puck.
4:20 of 1st period - Snap shot by Nico Sturm.
4:20 of 1st period - Stopped by Sebastian Cossa with a rebound.
4:34 of 1st period - Yegor Zamula is hit by Max Pacioretty.
5:32 of 1st period - Off-side.
5:33 of 1st period - Rory Kerins wins face-off versus Yanni Gourde in neutral zone.
7:00 of 1st period - Snap shot by Jesse Puljujarvi.
7:00 of 1st period - Shot Blocked by Jalen Chatfield.
7:46 of 1st period - Yanni Gourde is hit by Cole Reinhardt and loses puck.
8:21 of 1st period - Max Pacioretty is hit by Jonathan Gruden and loses puck.
9:07 of 1st period - Slapshot by Cole Reinhardt.
9:07 of 1st period - Shot Misses the Net.
9:24 of 1st period - Off-side.
9:25 of 1st period - Nathan Gaucher wins face-off versus Oskar Sundqvist in neutral zone.
10:11 of 1st period - Snap shot by Colin Blackwell.
10:11 of 1st period - Stopped by Sebastian Cossa without a rebound.
10:12 of 1st period - Yanni Gourde wins face-off versus Tristen Nielsen in Sarnia Sailors zone.
10:15 of 1st period - Snap shot by Colin Blackwell.
10:15 of 1st period - Stopped by Sebastian Cossa without a rebound.
10:16 of 1st period - Tristen Nielsen wins face-off versus Yanni Gourde in Sarnia Sailors zone.
10:49 of 1st period - Snap shot by Yanni Gourde.
10:49 of 1st period - Shot Misses the Net.
11:03 of 1st period - Cole Reinhardt is hit by Yanni Gourde and loses puck.
11:18 of 1st period - Wrist shot by Cole Reinhardt.
11:18 of 1st period - Stopped by Jaxson Stauber with a rebound.
11:20 of 1st period - Snap shot by Tristen Nielsen.
11:20 of 1st period - Stopped by Jaxson Stauber without a rebound.
11:21 of 1st period - Oskar Sundqvist wins face-off versus Rory Kerins in Peoria Rivermen zone.
11:26 of 1st period - Sean Walker is hit by Jesse Puljujarvi.
11:36 of 1st period - Snap shot by Rory Kerins.
11:36 of 1st period - Shot Blocked by Jalen Chatfield.
11:46 of 1st period - Jalen Chatfield is hit by Tyler Boucher and loses puck.
12:05 of 1st period - Wrist shot by Zachary Bolduc.
12:05 of 1st period - Stopped by Sebastian Cossa with a rebound.
12:07 of 1st period - Snap shot by Zachary Bolduc.
12:07 of 1st period - Shot Blocked by Tyson Hinds.
12:09 of 1st period - Wrist shot by Tyson Kozak.
12:09 of 1st period - Shot Misses the Net.
12:11 of 1st period - Backhand shot by Tyson Kozak.
12:11 of 1st period - Goal by Tyson Kozak - Sarnia Sailors : 0 - Peoria Rivermen : 1.
12:12 of 1st period - Nico Sturm wins face-off versus Jesse Puljujarvi in neutral zone.
12:47 of 1st period - Snap shot by Colin Blackwell.
12:47 of 1st period - Shot Blocked by Logan Morrison.
13:15 of 1st period - Wrist shot by Skyler Brind'Amour.
13:15 of 1st period - Stopped by Jaxson Stauber with a rebound.
13:17 of 1st period - Snap shot by Skyler Brind'Amour.
13:17 of 1st period - Shot Misses the Net.
13:19 of 1st period - Snap shot by Yakov Trenin.
13:19 of 1st period - Shot Misses the Net.
13:21 of 1st period - Wrist shot by Yakov Trenin.
13:21 of 1st period - Shot Blocked by Marc Del Gaizo.
13:25 of 1st period - Wrist shot by Yakov Trenin.
13:25 of 1st period - Stopped by Jaxson Stauber with a rebound.
14:05 of 1st period - Snap shot by Colin Blackwell.
14:05 of 1st period - Shot Misses the Net.
14:15 of 1st period - Jalen Chatfield is hit by Tristen Nielsen and loses puck.
14:20 of 1st period - Wrist shot by Cole Reinhardt.
14:20 of 1st period - Stopped by Jaxson Stauber with a rebound.
14:22 of 1st period - Slapshot by Jack Rathbone.
14:22 of 1st period - Shot Blocked by Jalen Chatfield.
14:24 of 1st period - Slapshot by Ethan Edwards.
14:24 of 1st period - Stopped by Jaxson Stauber with a rebound.
14:26 of 1st period - Snap shot by Tristen Nielsen.
14:26 of 1st period - Deflect By Jordan Dumais.
14:26 of 1st period - Shot Blocked by Oskar Sundqvist.
14:26 of 1st period - Puck is out of play.
14:27 of 1st period - Tyson Kozak wins face-off versus Rory Kerins in Peoria Rivermen zone.
14:32 of 1st period - Slapshot by Jesse Puljujarvi.
14:32 of 1st period - Stopped by Jaxson Stauber with a rebound.
14:59 of 1st period - Jonas Rondbjerg is hit by Max Pacioretty and loses puck.
15:20 of 1st period - Riley Duran is hit by Cole Reinhardt and loses puck.
16:44 of 1st period - Zachary Bolduc is hit by Logan Morrison.
16:48 of 1st period - Zachary Bolduc is hit by Max Pacioretty and loses puck.
17:10 of 1st period - Yanni Gourde is hit by Tyler Boucher and loses puck.
17:23 of 1st period - Slapshot by Yakov Trenin.
17:23 of 1st period - Stopped by Jaxson Stauber with a rebound.
17:25 of 1st period - Slapshot by Raphael Lavoie.
17:25 of 1st period - Stopped by Jaxson Stauber with a rebound.
17:27 of 1st period - Slapshot by Jesse Puljujarvi.
17:27 of 1st period - Shot Misses the Net.
17:29 of 1st period - Wrist shot by Raphael Lavoie.
17:29 of 1st period - Stopped by Jaxson Stauber without a rebound.
17:30 of 1st period - Rory Kerins wins face-off versus Nico Sturm in Peoria Rivermen zone.
17:36 of 1st period - Raphael Lavoie beats up John Leonard.
17:36 of 1st period - Penalty to John Leonard for Fighting.
17:36 of 1st period - Penalty to Raphael Lavoie for Fighting.
17:37 of 1st period - Tyson Kozak wins face-off versus Rory Kerins in Sarnia Sailors zone.
18:12 of 1st period - Wrist shot by Cole Reinhardt.
18:12 of 1st period - Goal by Cole Reinhardt - Sarnia Sailors : 1 - Peoria Rivermen : 1.
18:13 of 1st period - Rory Kerins wins face-off versus Tyson Kozak in neutral zone.
18:19 of 1st period - Minor Penalty to Jalen Chatfield for High sticking.
18:20 of 1st period - Nico Sturm wins face-off versus Rory Kerins in Peoria Rivermen zone.
19:00 of 1st period - Yakov Trenin is hit by Marc Del Gaizo and loses puck.
19:52 of 1st period - Gabriel Szturc is hit by Cole Reinhardt and loses puck.
Goals for this period are 1 for Sarnia Sailors vs 1 for Peoria Rivermen.
Shots for this period are 16 for Sarnia Sailors vs 6 for Peoria Rivermen.

2nd period


0:01 of 2nd period - Rory Kerins wins face-off versus Tyson Kozak in neutral zone.
0:19 of 2nd period - Penalty to Jalen Chatfield is over, Jalen Chatfield is back on ice.
0:43 of 2nd period - Minor Penalty to Jalen Chatfield for Delaying the game.
0:44 of 2nd period - Nico Sturm wins face-off versus Rory Kerins in Peoria Rivermen zone.
1:20 of 2nd period - Slapshot by Yanni Gourde.
1:20 of 2nd period - Shot Blocked by Adam Ginning.
2:36 of 2nd period - Penalty to John Leonard is over, John Leonard is back on ice.
2:43 of 2nd period - Penalty to Jalen Chatfield is over, Jalen Chatfield is back on ice.
3:11 of 2nd period - Snap shot by Jalen Chatfield.
3:11 of 2nd period - Deflect By John Leonard.
3:11 of 2nd period - Stopped by Sebastian Cossa with a rebound.
3:48 of 2nd period - Backhand shot by Jonas Rondbjerg.
3:48 of 2nd period - Stopped by Sebastian Cossa without a rebound.
3:49 of 2nd period - Yanni Gourde wins face-off versus Skyler Brind'Amour in Sarnia Sailors zone.
4:06 of 2nd period - Slapshot by Colin Blackwell.
4:06 of 2nd period - Stopped by Sebastian Cossa with a rebound.
4:08 of 2nd period - Slapshot by Tyler Tucker.
4:08 of 2nd period - Stopped by Sebastian Cossa without a rebound.
4:09 of 2nd period - Oskar Sundqvist wins face-off versus Rory Kerins in Sarnia Sailors zone.
4:16 of 2nd period - Slapshot by Oskar Sundqvist.
4:16 of 2nd period - Shot Blocked by Rory Kerins.
4:18 of 2nd period - Snap shot by Oskar Sundqvist.
4:18 of 2nd period - Stopped by Sebastian Cossa without a rebound.
4:19 of 2nd period - Rory Kerins wins face-off versus Oskar Sundqvist in Sarnia Sailors zone.
4:30 of 2nd period - Wrist shot by Jesse Puljujarvi.
4:30 of 2nd period - Stopped by Jaxson Stauber without a rebound.
4:31 of 2nd period - Rory Kerins wins face-off versus Tyson Kozak in Peoria Rivermen zone.
4:36 of 2nd period - Wrist shot by Rory Kerins.
4:36 of 2nd period - Shot Blocked by Yegor Zamula.
4:56 of 2nd period - John Leonard is hit by Nikolas Matinpalo and loses puck.
5:07 of 2nd period - Riley Duran is hit by Max Pacioretty and loses puck.
5:20 of 2nd period - Wrist shot by Cole Reinhardt.
5:20 of 2nd period - Deflect By Jordan Dumais.
5:20 of 2nd period - Goal by Jordan Dumais - Sarnia Sailors : 2 - Peoria Rivermen : 1.
5:21 of 2nd period - Rory Kerins wins face-off versus Yanni Gourde in neutral zone.
5:23 of 2nd period - Off-side.
5:24 of 2nd period - Rory Kerins wins face-off versus Tyson Kozak in neutral zone.
5:31 of 2nd period - Wrist shot by Rory Kerins.
5:31 of 2nd period - Deflect By Jalen Chatfield.
5:31 of 2nd period - Goal by Rory Kerins - Sarnia Sailors : 3 - Peoria Rivermen : 1.
5:32 of 2nd period - Tyson Kozak wins face-off versus Rory Kerins in neutral zone.
5:39 of 2nd period - Jalen Chatfield is hit by Nikolas Matinpalo and loses puck.
5:58 of 2nd period - Max Pacioretty is hit by Sean Walker and loses puck.
6:59 of 2nd period - Wrist shot by Nico Sturm.
6:59 of 2nd period - Shot Misses the Net.
7:38 of 2nd period - Colin Blackwell is hit by Max Pacioretty and loses puck.
8:25 of 2nd period - Yegor Zamula is hit by Rory Kerins and loses puck.
8:33 of 2nd period - Icing by Tyson Kozak.
8:34 of 2nd period - Tristen Nielsen wins face-off versus Oskar Sundqvist in Peoria Rivermen zone.
8:41 of 2nd period - Wrist shot by Jordan Dumais.
8:41 of 2nd period - Stopped by Jaxson Stauber with a rebound.
8:47 of 2nd period - Slapshot by Zachary Bolduc.
8:47 of 2nd period - Goal by Zachary Bolduc - Sarnia Sailors : 3 - Peoria Rivermen : 2.
8:48 of 2nd period - Rory Kerins wins face-off versus Yanni Gourde in neutral zone.
9:42 of 2nd period - Minor Penalty to Tyler Tucker for Roughing.
9:43 of 2nd period - Tyson Kozak wins face-off versus Rory Kerins in Peoria Rivermen zone.
10:16 of 2nd period - Yegor Zamula is hit by Max Pacioretty and loses puck.
11:29 of 2nd period - Nikolas Matinpalo is hit by Gabriel Szturc and loses puck.
11:42 of 2nd period - Penalty to Tyler Tucker is over, Tyler Tucker is back on ice.
11:50 of 2nd period - Minor Penalty to Yanni Gourde for Unsportsmanlike conduct.
11:51 of 2nd period - Riley Duran wins face-off versus Logan Morrison in Peoria Rivermen zone.
13:50 of 2nd period - Penalty to Yanni Gourde is over, Yanni Gourde is back on ice.
15:39 of 2nd period - Snap shot by Yakov Trenin.
15:39 of 2nd period - Stopped by Jaxson Stauber with a rebound.
17:45 of 2nd period - Icing by Jalen Chatfield.
17:46 of 2nd period - Logan Morrison wins face-off versus Jonas Rondbjerg in Peoria Rivermen zone.
17:47 of 2nd period - Snap shot by Max Pacioretty.
17:47 of 2nd period - Shot Misses the Net.
17:49 of 2nd period - Slapshot by Declan Chisholm.
17:49 of 2nd period - Shot Misses the Net.
17:51 of 2nd period - Wrist shot by Raphael Lavoie.
17:51 of 2nd period - Stopped by Jaxson Stauber with a rebound.
17:53 of 2nd period - Snap shot by Raphael Lavoie.
17:53 of 2nd period - Shot Misses the Net.
17:55 of 2nd period - Slapshot by Nikolas Matinpalo.
17:55 of 2nd period - Shot Blocked by Gabriel Szturc.
17:57 of 2nd period - Slapshot by Declan Chisholm.
17:57 of 2nd period - Stopped by Jaxson Stauber without a rebound.
17:58 of 2nd period - Logan Morrison wins face-off versus Oskar Sundqvist in Peoria Rivermen zone.
19:03 of 2nd period - Icing by Cole Reinhardt.
19:04 of 2nd period - Zachary Bolduc wins face-off versus Cole Reinhardt in Sarnia Sailors zone.
19:10 of 2nd period - Off-side.
19:11 of 2nd period - Oskar Sundqvist wins face-off versus Rory Kerins in neutral zone.
19:43 of 2nd period - Wrist shot by Nico Sturm.
19:43 of 2nd period - Shot Misses the Net.
19:45 of 2nd period - Wrist shot by John Leonard.
19:45 of 2nd period - Shot Blocked by Nikolas Matinpalo.
Goals for this period are 2 for Sarnia Sailors vs 1 for Peoria Rivermen.
Shots for this period are 7 for Sarnia Sailors vs 6 for Peoria Rivermen.

3rd period


0:01 of 3rd period - Rory Kerins wins face-off versus Matthew Sop in neutral zone.
0:13 of 3rd period - Off-side.
0:14 of 3rd period - Nico Sturm wins face-off versus Rory Kerins in neutral zone.
0:17 of 3rd period - Nikolas Matinpalo is hit by Riley Duran and loses puck.
1:04 of 3rd period - Tyson Kozak is hit by Cole Reinhardt and loses puck.
1:09 of 3rd period - Wrist shot by Cole Reinhardt.
1:09 of 3rd period - Stopped by Jaxson Stauber with a rebound.
1:45 of 3rd period - Snap shot by Yakov Trenin.
1:45 of 3rd period - Stopped by Jaxson Stauber without a rebound.
1:46 of 3rd period - Logan Morrison wins face-off versus Yanni Gourde in Peoria Rivermen zone.
2:05 of 3rd period - Sean Walker is hit by Declan Chisholm.
2:34 of 3rd period - Nikolas Matinpalo is hit by Yanni Gourde and loses puck.
2:43 of 3rd period - Snap shot by Yanni Gourde.
2:43 of 3rd period - Shot Misses the Net.
2:45 of 3rd period - Snap shot by Yanni Gourde.
2:45 of 3rd period - Shot Blocked by Jordan Dumais.
2:47 of 3rd period - Slapshot by Yanni Gourde.
2:47 of 3rd period - Shot Misses the Net.
2:49 of 3rd period - Slapshot by Jalen Chatfield.
2:49 of 3rd period - Stopped by Sebastian Cossa without a rebound.
2:50 of 3rd period - Rory Kerins wins face-off versus Oskar Sundqvist in Sarnia Sailors zone.
2:59 of 3rd period - Snap shot by Jesse Puljujarvi.
2:59 of 3rd period - Stopped by Jaxson Stauber with a rebound.
3:01 of 3rd period - Wrist shot by Jesse Puljujarvi.
3:01 of 3rd period - Shot Blocked by Marc Del Gaizo.
3:03 of 3rd period - Snap shot by Rory Kerins.
3:03 of 3rd period - Shot Misses the Net.
3:05 of 3rd period - Slapshot by Adam Ginning.
3:05 of 3rd period - Shot Misses the Net.
3:30 of 3rd period - Snap shot by Oskar Sundqvist.
3:30 of 3rd period - Goal by Oskar Sundqvist - Sarnia Sailors : 3 - Peoria Rivermen : 3.
3:31 of 3rd period - Nico Sturm wins face-off versus Rory Kerins in neutral zone.
3:42 of 3rd period - Wrist shot by John Leonard.
3:42 of 3rd period - Stopped by Sebastian Cossa with a rebound.
3:44 of 3rd period - Minor Penalty to Nikolas Matinpalo for Tripping.
3:45 of 3rd period - Yanni Gourde wins face-off versus Rory Kerins in Sarnia Sailors zone.
3:46 of 3rd period - Slapshot by Colin Blackwell.
3:46 of 3rd period - Shot Misses the Net.
3:48 of 3rd period - Snap shot by Jonas Rondbjerg.
3:48 of 3rd period - Goal by Jonas Rondbjerg - Sarnia Sailors : 3 - Peoria Rivermen : 4.
3:49 of 3rd period - Rory Kerins wins face-off versus Tyson Kozak in neutral zone.
3:52 of 3rd period - Marc Del Gaizo is hit by Rory Kerins and loses puck.
4:15 of 3rd period - Logan Morrison is hit by Riley Duran and loses puck.
4:24 of 3rd period - Wrist shot by Nico Sturm.
4:24 of 3rd period - Shot Blocked by Logan Morrison.
4:26 of 3rd period - Slapshot by Sean Walker.
4:26 of 3rd period - Shot Misses the Net.
4:28 of 3rd period - Snap shot by Nico Sturm.
4:28 of 3rd period - Stopped by Sebastian Cossa without a rebound.
4:29 of 3rd period - Rory Kerins wins face-off versus Oskar Sundqvist in Sarnia Sailors zone.
4:54 of 3rd period - Jalen Chatfield is hit by Tyson Hinds and loses puck.
5:25 of 3rd period - Snap shot by Yanni Gourde.
5:25 of 3rd period - Shot Misses the Net.
5:39 of 3rd period - Wrist shot by Cole Reinhardt.
5:39 of 3rd period - Shot Blocked by Zachary Bolduc.
5:41 of 3rd period - Snap shot by Tyler Boucher.
5:41 of 3rd period - Deflect By Skyler Brind'Amour.
5:41 of 3rd period - Shot Misses the Net.
5:41 of 3rd period - Puck is out of play.
5:42 of 3rd period - Skyler Brind'Amour wins face-off versus John Leonard in Peoria Rivermen zone.
6:14 of 3rd period - Slapshot by Tyler Tucker.
6:14 of 3rd period - Shot Misses the Net.
6:16 of 3rd period - Slapshot by Yegor Zamula.
6:16 of 3rd period - Shot Hit the Post.
6:23 of 3rd period - Icing by Nikolas Matinpalo.
6:24 of 3rd period - Logan Morrison wins face-off versus Oskar Sundqvist in Sarnia Sailors zone.
6:31 of 3rd period - Nikolas Matinpalo is hit by Zachary Bolduc and loses puck.
6:52 of 3rd period - Snap shot by Rory Kerins.
6:52 of 3rd period - Stopped by Jaxson Stauber with a rebound.
8:03 of 3rd period - Off-side.
8:04 of 3rd period - Tyson Kozak wins face-off versus Rory Kerins in neutral zone.
8:06 of 3rd period - Off-side.
8:07 of 3rd period - Matthew Sop wins face-off versus Rory Kerins in neutral zone.
8:17 of 3rd period - Slapshot by Raphael Lavoie.
8:17 of 3rd period - Shot Blocked by Tyler Tucker.
8:31 of 3rd period - Snap shot by John Leonard.
8:31 of 3rd period - Deflect By Nico Sturm.
8:31 of 3rd period - Stopped by Sebastian Cossa without a rebound.
8:32 of 3rd period - Logan Morrison wins face-off versus Nico Sturm in Sarnia Sailors zone.
8:39 of 3rd period - Slapshot by Declan Chisholm.
8:39 of 3rd period - Stopped by Jaxson Stauber with a rebound.
8:45 of 3rd period - Snap shot by John Leonard.
8:45 of 3rd period - Shot Misses the Net.
8:47 of 3rd period - Snap shot by Jalen Chatfield.
8:47 of 3rd period - Deflect By Nico Sturm.
8:47 of 3rd period - Shot Blocked by Max Pacioretty.
8:47 of 3rd period - Puck is out of play.
8:48 of 3rd period - Oskar Sundqvist wins face-off versus Rory Kerins in Sarnia Sailors zone.
8:51 of 3rd period - Wrist shot by Zachary Bolduc.
8:51 of 3rd period - Shot Blocked by Declan Chisholm.
9:09 of 3rd period - Minor Penalty to Sean Walker for Goalie Interference.
9:10 of 3rd period - Tyson Kozak wins face-off versus Rory Kerins in Peoria Rivermen zone.
9:10 of 3rd period - Tyson Kozak is hit by Raphael Lavoie.
9:38 of 3rd period - Wrist shot by Max Pacioretty.
9:38 of 3rd period - Deflect By Nathan Gaucher.
9:38 of 3rd period - Goal by Nathan Gaucher - Sarnia Sailors : 4 - Peoria Rivermen : 4.
9:39 of 3rd period - Rory Kerins wins face-off versus Oskar Sundqvist in neutral zone.
9:52 of 3rd period - Slapshot by Rory Kerins.
9:52 of 3rd period - Stopped by Jaxson Stauber with a rebound.
10:04 of 3rd period - Snap shot by Tristen Nielsen.
10:04 of 3rd period - Stopped by Jaxson Stauber with a rebound.
10:06 of 3rd period - Slapshot by Adam Ginning.
10:06 of 3rd period - Deflect By Cole Reinhardt.
10:06 of 3rd period - Stopped by Jaxson Stauber with a rebound.
11:15 of 3rd period - Snap shot by Yakov Trenin.
11:15 of 3rd period - Stopped by Jaxson Stauber without a rebound.
11:16 of 3rd period - Yanni Gourde wins face-off versus Skyler Brind'Amour in Peoria Rivermen zone.
11:21 of 3rd period - Nick Leddy is hit by Skyler Brind'Amour.
11:35 of 3rd period - Slapshot by Jesse Puljujarvi.
11:35 of 3rd period - Stopped by Jaxson Stauber with a rebound.
11:37 of 3rd period - Slapshot by Raphael Lavoie.
11:37 of 3rd period - Stopped by Jaxson Stauber without a rebound.
11:38 of 3rd period - Nico Sturm wins face-off versus Rory Kerins in Peoria Rivermen zone.
11:53 of 3rd period - Slapshot by Nico Sturm.
11:53 of 3rd period - Shot Misses the Net.
11:55 of 3rd period - Slapshot by Tyler Tucker.
11:55 of 3rd period - Shot Misses the Net.
11:57 of 3rd period - Slapshot by Yegor Zamula.
11:57 of 3rd period - Shot Blocked by Rory Kerins.
11:59 of 3rd period - Snap shot by Riley Duran.
11:59 of 3rd period - Shot Blocked by Jesse Puljujarvi.
12:10 of 3rd period - Minor Penalty to Sean Walker for Hooking.
12:11 of 3rd period - Logan Morrison wins face-off versus Tyson Kozak in Peoria Rivermen zone.
12:15 of 3rd period - Snap shot by Max Pacioretty.
12:15 of 3rd period - Shot Misses the Net.
12:19 of 3rd period - Snap shot by Nathan Gaucher.
12:19 of 3rd period - Shot Blocked by Tyson Kozak.
12:21 of 3rd period - Wrist shot by Nathan Gaucher.
12:21 of 3rd period - Shot Misses the Net.
12:23 of 3rd period - Slapshot by Logan Morrison.
12:23 of 3rd period - Shot Blocked by Riley Duran.
12:25 of 3rd period - Slapshot by Declan Chisholm.
12:25 of 3rd period - Shot Misses the Net.
12:27 of 3rd period - Slapshot by Declan Chisholm.
12:27 of 3rd period - Deflect By Max Pacioretty.
12:27 of 3rd period - Goal by Max Pacioretty - Sarnia Sailors : 5 - Peoria Rivermen : 4.
12:28 of 3rd period - Rory Kerins wins face-off versus Tyson Kozak in neutral zone.
12:37 of 3rd period - Matthew Sop and Raphael Lavoie fight to a draw.
12:37 of 3rd period - Penalty to Matthew Sop for Fighting.
12:37 of 3rd period - Penalty to Raphael Lavoie for Fighting.
12:38 of 3rd period - Oskar Sundqvist wins face-off versus Rory Kerins in neutral zone.
12:40 of 3rd period - Off-side.
12:41 of 3rd period - Rory Kerins wins face-off versus Oskar Sundqvist in neutral zone.
13:33 of 3rd period - Wrist shot by Tristen Nielsen.
13:33 of 3rd period - Stopped by Jaxson Stauber without a rebound.
13:34 of 3rd period - Cole Reinhardt wins face-off versus Oskar Sundqvist in Peoria Rivermen zone.
13:39 of 3rd period - Snap shot by Jordan Dumais.
13:39 of 3rd period - Stopped by Jaxson Stauber with a rebound.
13:59 of 3rd period - Yegor Zamula is hit by Rory Kerins and loses puck.
14:10 of 3rd period - Rory Kerins is hit by Yanni Gourde and loses puck.
14:39 of 3rd period - Icing by Riley Duran.
14:40 of 3rd period - John Leonard wins face-off versus Skyler Brind'Amour in Peoria Rivermen zone.
14:46 of 3rd period - Wrist shot by Yakov Trenin.
14:46 of 3rd period - Stopped by Jaxson Stauber without a rebound.
14:47 of 3rd period - Tyson Kozak wins face-off versus Rory Kerins in Peoria Rivermen zone.
14:47 of 3rd period - Tyson Kozak is hit by Yakov Trenin.
15:17 of 3rd period - Nathan Gaucher is hit by John Leonard and loses puck.
15:22 of 3rd period - Wrist shot by Nico Sturm.
15:22 of 3rd period - Shot Misses the Net.
15:24 of 3rd period - Slapshot by Sean Walker.
15:24 of 3rd period - Shot Misses the Net.
15:34 of 3rd period - Slapshot by Yanni Gourde.
15:34 of 3rd period - Stopped by Sebastian Cossa without a rebound.
15:35 of 3rd period - Rory Kerins wins face-off versus Yanni Gourde in Sarnia Sailors zone.
15:35 of 3rd period - Rory Kerins is hit by Yanni Gourde.
15:41 of 3rd period - Slapshot by Nikolas Matinpalo.
15:41 of 3rd period - Shot Blocked by Colin Blackwell.
16:08 of 3rd period - Wrist shot by Nikolas Matinpalo.
16:08 of 3rd period - Stopped by Jaxson Stauber with a rebound.
16:10 of 3rd period - Slapshot by Jordan Dumais.
16:10 of 3rd period - Shot Misses the Net.
16:12 of 3rd period - Slapshot by Declan Chisholm.
16:12 of 3rd period - Shot Misses the Net.
16:22 of 3rd period - Slapshot by Max Pacioretty.
16:22 of 3rd period - Deflect By Logan Morrison.
16:22 of 3rd period - Shot Misses the Net.
16:22 of 3rd period - Puck is out of play.
16:23 of 3rd period - Nico Sturm wins face-off versus Logan Morrison in Peoria Rivermen zone.
16:27 of 3rd period - Icing by Nico Sturm.
16:28 of 3rd period - Nico Sturm wins face-off versus Logan Morrison in Peoria Rivermen zone.
16:45 of 3rd period - Snap shot by Logan Morrison.
16:45 of 3rd period - Stopped by Jaxson Stauber with a rebound.
16:54 of 3rd period - Off-side.
16:55 of 3rd period - Rory Kerins wins face-off versus Tyson Kozak in neutral zone.
17:16 of 3rd period - Jack Rathbone is hit by Gabriel Szturc.
17:20 of 3rd period - Rory Kerins is hit by Marc Del Gaizo and loses puck.
17:29 of 3rd period - Snap shot by Rory Kerins.
17:29 of 3rd period - Stopped by Jaxson Stauber without a rebound.
17:30 of 3rd period - Tristen Nielsen wins face-off versus Nico Sturm in Peoria Rivermen zone.
17:56 of 3rd period - Tyson Kozak is hit by Nathan Gaucher and loses puck.
18:01 of 3rd period - Snap shot by Max Pacioretty.
18:01 of 3rd period - Shot Blocked by Tyson Kozak.
18:03 of 3rd period - Snap shot by Max Pacioretty.
18:03 of 3rd period - Shot Misses the Net.
18:05 of 3rd period - Wrist shot by Logan Morrison.
18:05 of 3rd period - Shot Blocked by Tyson Kozak.
18:07 of 3rd period - Slapshot by Max Pacioretty.
18:07 of 3rd period - Shot Misses the Net.
18:51 of 3rd period - Peoria Rivermen, Jaxson Stauber is pulled from the net.
18:51 of 3rd period - Snap shot by Nick Leddy.
18:51 of 3rd period - Deflect By Raphael Lavoie.
18:51 of 3rd period - Stopped by Sebastian Cossa with a rebound.
19:05 of 3rd period - Slapshot by Raphael Lavoie.
19:05 of 3rd period - Goal by Raphael Lavoie - Sarnia Sailors : 6 - Peoria Rivermen : 4.
19:05 of 3rd period - Jaxson Stauber from Peoria Rivermen was sent back in the game.
19:06 of 3rd period - Tristen Nielsen wins face-off versus Nico Sturm in neutral zone.
19:21 of 3rd period - Snap shot by Tristen Nielsen.
19:21 of 3rd period - Stopped by Jaxson Stauber with a rebound.
19:31 of 3rd period - Nico Sturm is hit by Nikolas Matinpalo and loses puck.
Goals for this period are 3 for Sarnia Sailors vs 2 for Peoria Rivermen.
Shots for this period are 21 for Sarnia Sailors vs 8 for Peoria Rivermen.